 Dungeon Crawl Stone Soup version 0.13.1-19-g4b9377e (webtiles) character file.

259 Nakatomy the Ruinous (level 5, -8/28 HPs)
             Began as a Deep Elf Conjurer on Dec 24, 2013.
             Killed from afar by an orc wizard (10 damage)
             ... with a puff of flame
             ... on Level 3 of the Dungeon.
             The game lasted 00:25:49 (2815 turns).

Nakatomy the Ruinous (Deep Elf Conjurer)            Turns: 2815, Time: 00:25:49

HP  -8/28        AC  2     Str  6      XL: 5   Next:  2%
MP   9/13        EV 13     Int 20      God:
Gold 119         SH  0     Dex 15      Spells:  2 memorised,  2 levels left

Res.Fire  : . . .   See Invis. : .   (no weapon)
Res.Cold  : . . .   Warding    : .   a - +0 elf robe
Life Prot.: . . .   Conserve   : .   (no shield)
Res.Poison: .       Res.Corr.  : .   (no helmet)
Res.Elec. : .       Clarity    : .   (no cloak)
Sust.Abil.: . .     Spirit.Shd : .   (no gloves)
Res.Mut.  : .       Stasis     : .   (no boots)
Res.Rott. : .       Flight     : .   (no amulet)
Saprovore : . . .                    (no ring)
                                     (no ring)

@: slightly resistant to hostile enchantments, fairly stealthy
A: no striking features
a: no special abilities


You were on level 3 of the Dungeon.
You were hungry.

You visited 1 branch of the dungeon, and saw 4 of its levels.

You collected 99 gold pieces.

Inventory:

Armour
 a - a +0 elven robe (worn)
 d - a +2 orcish robe
 h - a +0 robe
Comestibles
 b - 3 bread rations
Scrolls
 e - 4 scrolls of remove curse {unknown}
 f - a scroll of enchant armour {unknown}
 g - 2 scrolls of fog {unknown}
 i - a scroll of teleportation {unknown}
 j - a scroll of noise {unknown}
 o - a scroll of enchant weapon II {unknown}
 s - a scroll of recharging {unknown}
Jewellery
 n - an uncursed ring of poison resistance {unknown}
Potions
 m - a potion of might {unknown}
 q - a potion of heal wounds {unknown}
 r - a potion of curing {unknown}
Books
 c - a book of Conjurations

   Spells                             Type                      Level
   *Magic Dart                        Conjuration                  1
   Searing Ray                        Conjuration                  2
   Dazzling Spray                     Conjuration/Hexes            3
   Iskenderun's Mystic Blast          Conjuration                  4
   *Iskenderun's Battlesphere         Conjuration/Charms           4
   Fulminant Prism                    Conjuration/Hexes            5


   Skills:
 - Level 2.4 Dodging
 - Level 2.4 Stealth
 - Level 1.5 Spellcasting
 + Level 6.7 Conjurations
 + Level 1.9 Charms


You had 2 spell levels left.
You knew the following spells:

 Your Spells              Type           Power        Failure   Level  Hunger
a - Magic Dart            Conj           ####         1%          1    #......
b - Iskenderun's Battles  Conj/Chrm      ###.....     30%         4    #####..


Dungeon Overview and Level Annotations

Branches:
Dungeon (4/27)
 Temple: D:4-7

Altars:
Kikubaaqudgha
the Shining One

Annotations:
D:4 eXcel's ghost, average GrFi


Message History

You can't see any susceptible monsters within range! (Use Z to cast anyway.)
Casting: Magic Dart
Confirm with . or Enter, or press ? or * to list all spells.
You don't know that spell.
You swap places.
You swap places.
Your battlesphere wavers and loses cohesion.
The puff of flame hits you!
* * * LOW HITPOINT WARNING * * *
Casting: Magic Dart
Confirm with . or Enter, or press ? or * to list all spells.
You can't see any susceptible monsters within range! (Use Z to cast anyway.)
Casting: Magic Dart
Confirm with . or Enter, or press ? or * to list all spells.
Aiming: Magic Dart
Press: ? - help, Shift-Dir - straight line A puff of flame appears from out of thin air!
The puff of flame hits you!
One of your 2 scrolls labeled THRIXE DIBBO catches fire!
You die...

...#...# #......# #..#
#..#...# #.###### #..#
...#...###.#....# #..#
##.#...#........# #..#
##.#...#...#.#### #..##
{..#...#...#.# #...#
...#...#...#.# ##..#####
##.#...#...#.######.......#
...#...#...#.##.@....####.#
####...#####.##.###.......#
#........##.##.# #..######
##.##.###.##.##.###.....#
.)%...>..............##.#
##.##..........#####....#
#.##..........# #.####
#.##..........# #.#
#.##..........# #.#


There were no monsters in sight!

Vanquished Creatures
  Crazy Yiuf (D:3)
  Jessica (D:3)
  An adder (D:2)
  A worm (D:2)
  3 giant geckos
  12 orcs (D:3)
  6 bats
  A giant cockroach (D:1)
  5 goblins
  5 hobgoblins
  3 jackals
  6 kobolds
  A quokka (D:2)
  5 giant newts
  8 rats
  2 rat zombies (D:2)
61 creatures vanquished.

Vanquished Creatures (others)
  A goblin (D:2)
1 creature vanquished.

Grand Total: 62 creatures vanquished

Notes
Turn   | Place    | Note
--------------------------------------------------------------
     0 | D:1      | Nakatomy, the Deep Elf Conjurer, began the quest for the Orb.
     0 | D:1      | Reached XP level 1. HP: 10/10 MP: 4/4
     0 | D:1      | Nakatomy: Sei gegrüßt mächtiger Excle
     0 | D:1      | Nakatomy: *Excel
    57 | D:1      | eXcel: sup
    72 | D:1      | eXcel: warum packst du den punkt zum spell bestätigen nicht auch gleich ins macro?
    72 | D:1      | Nakatomy: weil ich gerne erst nochmal schaue bei vielen gegnern
    72 | D:1      | Nakatomy: aber dafür könnte ich ja noch ein 2. macro machen
    72 | D:1      | eXcel: so ist es
   223 | D:1      | Nakatomy: irgendwas tolles gefunden - wie spielt sich der char wenn man weiter als lvl 5 kommt?
   335 | D:1      | eXcel: ne unique cloak hab ich noch gefunden
   338 | D:1      | eXcel: cloak of starlight
   346 | D:1      | eXcel: ansonsten eher so naja
   353 | D:1      | eXcel: aber der char ist immer noch easy
   380 | D:1      | eXcel: vehumet hat mir 2 spells geschenkt, beide nutzlos
   385 | D:2      | Nakatomy: immerhin denkt er an dich!
   409 | D:1      | eXcel: dann soll er mir nen firespell geben damit ich das mal hochtrainieren kann!
   414 | D:1      | eXcel: und nicht shock oder sandblast
   415 | D:1      | eXcel: braucht keine s0w!
   415 | D:1      | Reached XP level 2. HP: 15/15 MP: 1/6
   493 | D:1      | Reached skill level 5 in Conjurations
   523 | D:1      | Nakatomy: die mines hast du noch nicht betreten?
   548 | D:1      | eXcel: betreten schon, aber noch nix drin gemacht
  1064 | D:3      | Reached XP level 3. HP: 16/19 MP: 3/9
  1065 | D:3      | eXcel: uh
  1068 | D:3      | eXcel: das sieht nach nem eingang aus
  1188 | D:3      | eXcel: vielleicht auch nicht
  1199 | D:3      | Found a glowing golden altar of the Shining One.
  1249 | D:2      | Nakatomy: ich denke ich werde super melee naka
  1249 | D:2      | Nakatomy: und anhänger von .. ka ..
  1249 | D:2      | Nakatomy: Xom
  1260 | D:2      | eXcel: sounds fun
  1488 | D:2      | Reached skill level 6 in Conjurations
  1723 | D:2      | Noticed a giant goldfish zombie
  1725 | D:2      | Found an ancient bone altar of Kikubaaqudgha.
  1940 | D:4      | Noticed eXcel's ghost (average GrFi)
  1941 | D:4      | Nakatomy: dann wollen wir mal schauen xD
  1941 | D:4      | eXcel: !!
  1941 | D:4      | Nakatomy: der wird getötet
  1941 | D:4      | Nakatomy: aber nicht aus der position
  1970 | D:3      | Noticed Crazy Yiuf
  1971 | D:3      | Nakatomy: hm ob ich den schaffe?
  1971 | D:3      | eXcel: ich würd noch irgendwas anderes killen
  1971 | D:3      | eXcel: dann bist du lvl4
  1971 | D:3      | eXcel: und kannst die sphere lernen
  1988 | D:3      | Noticed Jessica
  1989 | D:3      | Nakatomy: hmm
  1989 | D:3      | Nakatomy: noch nen unique
  1993 | D:3      | Killed Jessica
  1993 | D:3      | eXcel: die kann nix
  1993 | D:3      | Reached XP level 4. HP: 21/24 MP: 6/11
  2040 | D:3      | Learned a level 4 spell: Iskenderun's Battlesphere
  2064 | D:3      | eXcel: bam
  2064 | D:3      | eXcel: da hat er sie gebasht
  2080 | D:3      | Killed Crazy Yiuf
  2080 | D:3      | Reached skill level 1 in Charms
  2095 | D:3      | Nakatomy: der staff of chaos
  2095 | D:3      | Nakatomy: teleportiert der einen ab und an in die abyss?
  2145 | D:3      | eXcel: der teleportiert den der davon getroffen wird
  2148 | D:3      | eXcel: nicht dich
  2148 | D:3      | Nakatomy: uh da hatte ich aber glück das meine battlesphere nun nicht in der abyss ist!
  2194 | D:3      | eXcel: definitiv
  2373 | D:3      | eXcel: die battlesphere schießt nicht durch dich durch
  2508 | D:3      | Reached XP level 5. HP: 28/28 MP: 0/13
  2512 | D:3      | Nakatomy: die battlesphere ist ganz schon knorke!
  2512 | D:3      | eXcel: jo!
  2512 | D:3      | Nakatomy: *ö
  2610 | D:4      | eXcel: lucker
  2790 | D:4      | Nakatomy: skill ist wenn luck zur gewohnheit wird - das weißt du doch!
  2814 | D:3      | Nakatomy: boah
  2814 | D:3      | Nakatomy: wie kann ich einfach so zaubern?
  2815 | D:3      | Killed from afar by an orc wizard

Action                   |  1- 3 |  4- 6 || total
-------------------------+-------+-------++-------
Melee: Unarmed           |     8 |     2 ||    10
 Cast: Magic Dart        |   104 |    37 ||   141
       Iskenderun's Batt |       |     5 ||     5
